cohdb
Replays
Latest Replays
All Replays
Popular Replays
Top Player Replays
Match Explorer
How It Works
Community
CoH3 Stats
Reddit
Sign in to upload your games and track your stats! →
Sign in with Steam
Match 32080586
Unlisted
Match 32080586
Overview
Messages
Build Orders
End
Construct Section Command Post
Royal Engineer Section
Vickers Machine Gun Team
Selects Heavy Armor Battlegroup
Construct Section Command Post
ML 3-inch Mortar Team
Royal Engineer Section
Construct Platoon Command Post
Selects Engineer Detachments
Unlock M3 Stuart Light Tanks
M3 Stuart Light Tank
Construct Field Infirmary
M3 Stuart Light Tank
Royal Engineer Section
6-pounder Anti-tank Gun Team
Selects Light Vehicle Withdraw and Refit
Selects Radio Net
Construct Company Command Post
Foot Guards Section
Foot Guards Section
Infantry Training
Selects Recon Artillery
Selects Recon Artillery
Unlock M3 Grant Medium Tanks
Foot Guards Section
LeeInfy
杨司令
ililililililiilliili
603210747
Green Béret
woof_raff
K90
Incursus
0
0
Comments
sign in to comment!
No comments posted yet!